 Dungeon Crawl Stone Soup version 0.31-a0-833-gc15d34cb79 (webtiles) character file.

Game seed: 11648426320435673950

121 randomguy2701 the Slasher (level 5, -2/37 HPs)
             Began as a Gnoll Wanderer on Sept 25, 2023.
             Slain by a sleepcap (11 damage)
             ... on level 3 of the Dungeon on Sept 26, 2023.
             The game lasted 00:04:02 (1801 turns).

randomguy2701 the Slasher (Gnoll Wanderer)          Turns: 1801, Time: 00:04:03

Health: -2/37      AC:  3    Str: 12    XL:     5   Next: 5%
Magic:  4/12       EV:  2    Int:  9    God:
Gold:   163        SH:  0    Dex: 15    Spells: 12/14 levels left

rFire   . . .        a - +0 long sword
rCold   . . .        (no shield)
rNeg    . . .        e - +0 leather armour
rPois   .            (no helmet)
rElec   .            (no cloak)
rCorr   .            (no gloves)
SInv    .            (no boots)
Will    .....        (no amulet)
Stlth   ++           (no ring)
HPRegen 0.26/turn    (no ring)
MPRegen 0.13/turn

%: no passive effects
@: sleeping
A: fangs 1, strong nose, distributed training
a: no special abilities


You were on level 3 of the Dungeon.
You visited 1 branch of the dungeon, and saw 3 of its levels.

You collected 163 gold pieces.

Inventory:

Hand Weapons
 a - a +0 long sword (weapon)
 c - a +0 dagger
Missiles
 b - 8 boomerangs (quivered)
Armour
 e - a +0 leather armour (worn)
Scrolls
 d - 2 scrolls of blinking
 f - 3 scrolls of identify {unknown}
 g - 4 scrolls of teleportation {unknown}
 i - a scroll of revelation {unknown}
 m - a scroll of fear {unknown}
 n - 2 scrolls of noise {unknown}
Potions
 h - a potion of brilliance {unknown}
 j - a potion of ambrosia {unknown}
 k - a potion of haste {unknown}
 l - a potion of heal wounds {unknown}
 o - a potion of resistance {unknown}


   Skills:
 + Level 1.3 Fighting
 + Level 1.3 Short Blades
 + Level 6.6 Long Blades
 + Level 1.3 Axes
 + Level 1.3 Maces & Flails
 + Level 1.3 Polearms
 + Level 1.3 Staves
 + Level 1.3 Ranged Weapons
 + Level 4.7 Throwing
 + Level 2.9 Armour
 + Level 1.3 Dodging
 + Level 1.3 Stealth
 + Level 1.3 Shields
 + Level 1.3 Unarmed Combat
 + Level 5.1 Spellcasting
 + Level 3.9 Conjurations
 + Level 1.1 Hexes
 + Level 1.1 Summonings
 + Level 1.1 Necromancy
 + Level 1.1 Translocations
 + Level 1.1 Transmutations
 + Level 1.1 Fire Magic
 + Level 1.1 Ice Magic
 + Level 1.1 Air Magic
 + Level 1.1 Earth Magic
 + Level 1.1 Poison Magic
 + Level 1.5 Invocations
 + Level 1.3 Evocations
 + Level 1.2 Shapeshifting


You had 12 spell levels left.
You knew the following spells:

 Your Spells              Type           Power      Damage    Failure   Level
a - Searing Ray           Conj           18%        2d5       10%         2

Your spell library contained the following spells:

 Spells                   Type           Power      Damage    Failure   Level
 Foxfire                  Conj/Fire      24%        2x1d5     11%         1
 Static Discharge         Conj/Air       12%        2-3/arc   17%         2
 Plasma Beam              Fire/Air       2%         2x1d12    100%        6
 Starburst                Conj/Fire      3%         6d3       100%        6


Dungeon Overview and Level Annotations

Branches:
Dungeon (3/15)

Altars:
Sif Muna

Annotations:
D:3 3 runed translucent doors


Innate Abilities, Weirdness & Mutations

You have very sharp teeth.
Your uncanny sense of smell can sniff out nearby items.
Your experience applies equally to all skills.


Message History

The searing ray hits the adder.
You kill the adder!
The searing ray hits the orc!
You kill the orc!
You have reached level 5!
Found 4 stones.
The ball python bites you. The ball python grabs you.
The ball python constricts you.
You escape the ball python's grasp.
The ball python attacks as it pursues you!
The ball python misses you. The ball python grabs you.
The ball python constricts you.
Casting: Searing Ray (safe; 10% risk of failure)
Confirm with . or Enter, or press ? or * to list all spells.
Aiming: Searing Ray (safe; 10% risk of failure)
Press: ? - help, Shift-Dir - straight line The searing ray hits the ball python.
You kill the ball python!
The searing ray hits the sleepcap.
The sleepcap is lightly damaged. (Press . to maintain the ray.)
The searing ray hits the sleepcap.
The sleepcap is moderately damaged.
The searing ray hits the orc priest.
The orc priest is lightly wounded.
The sleepcap barely misses you.
Casting: Searing Ray (safe; 10% risk of failure)
Confirm with . or Enter, or press ? or * to list all spells.
Restarting spell: Searing Ray (safe; 10% risk of failure)
Press: ? - help, Shift-Dir - straight line The searing ray hits the sleepcap.
The sleepcap is moderately damaged.
The searing ray hits the orc priest.
The orc priest is lightly wounded. (Press . to maintain the ray.)
The sleepcap releases spores at you!
* * * LOW HITPOINT WARNING * * *
You are engulfed in a cloud of soporific spores!
You fall asleep.
The sleepcap releases spores at you!
You die...

.. ...#.. ###(##.#.# #
........# .#
..###.##.#.###.#
...............#
#..........#.### #.
#.###.##o#.#f# #. #.#
#.##f#.#)# #.#### #.#
#.##@#.#o##### .....#
#.###.......)....#
.....####.#....###+++###..#
..............##.......# .#
.>...####.#...#........$#
...<(# #.#..##..........#
###.## #.#..#...####....# ∆
#.# #...##..##∆∆ ##...# #.#
#...#..# #..#


You could see a sleepcap and an orc priest.

Vanquished Creatures
  An orc priest (D:2)
  An orc wizard (D:3)
  2 adders
  A worm (D:2)
  4 orcs
  7 bats
  3 endoplasms (D:1)
  A giant cockroach (D:2)
  2 goblins (D:1)
  2 hobgoblins (D:1)
  6 jackals (D:1)
  4 ball pythons
  2 kobolds
  3 rats
39 creatures vanquished.

Notes
Turn   | Place    | Note
-------+----------+-------------------------------------------
     0 | D:1      | randomguy2701 the Gnoll Wanderer began the quest for the
                  | Orb.
     0 | D:1      | randomguy2701 set off with the following items: a +0 long
                  | sword, 8 boomerangs, a +0 dagger, a scroll of blinking, a
                  | +0 leather armour; and the following spells available to
                  | memorise: Searing Ray, Static Discharge.
     0 | D:1      | Reached XP level 1. HP: 13/13 MP: 6/6
   144 | D:1      | Reached XP level 2. HP: 13/19 MP: 7/7
   508 | D:1      | Reached XP level 3. HP: 25/25 MP: 9/9
   574 | D:1      | Reached skill level 5 in Spellcasting
   895 | D:2      | Found a shimmering blue altar of Sif Muna.
   909 | D:2      | Reached skill level 1 in Invocations
   930 | D:2      | HP: 1/25 [orc/+0 trident (5)]
   932 | D:2      | Reached skill level 1 in Fighting
   932 | D:2      | Reached skill level 1 in Short Blades
   932 | D:2      | Reached skill level 1 in Axes
   932 | D:2      | Reached skill level 1 in Maces & Flails
   932 | D:2      | Reached skill level 1 in Polearms
   932 | D:2      | Reached skill level 1 in Staves
   932 | D:2      | Reached skill level 1 in Ranged Weapons
   932 | D:2      | Reached skill level 1 in Dodging
   932 | D:2      | Reached skill level 1 in Stealth
   932 | D:2      | Reached skill level 1 in Shields
   932 | D:2      | Reached skill level 1 in Unarmed Combat
   932 | D:2      | Reached skill level 1 in Evocations
   932 | D:2      | Reached skill level 1 in Shapeshifting
   932 | D:2      | Reached XP level 4. HP: 1/32 MP: 11/11
  1591 | D:2      | Reached skill level 1 in Hexes
  1591 | D:2      | Reached skill level 1 in Summonings
  1591 | D:2      | Reached skill level 1 in Necromancy
  1591 | D:2      | Reached skill level 1 in Translocations
  1591 | D:2      | Reached skill level 1 in Transmutations
  1591 | D:2      | Reached skill level 1 in Fire Magic
  1591 | D:2      | Reached skill level 1 in Ice Magic
  1591 | D:2      | Reached skill level 1 in Air Magic
  1591 | D:2      | Reached skill level 1 in Earth Magic
  1591 | D:2      | Reached skill level 1 in Poison Magic
  1710 | D:2      | Learned a level 2 spell: Searing Ray
  1763 | D:3      | Found a runed translucent gate.
  1763 | D:3      | Found a runed translucent gate.
  1763 | D:3      | Found a runed translucent gate.
  1791 | D:3      | Reached XP level 5. HP: 16/37 MP: 8/12
  1801 | D:3      | Slain by a sleepcap

Illustrated notes

Levels and vault maps discovered:
D:1:      psy_arrival_spokes, layout_loops_ring, serial_park_tiny_pond,
          minmay_misc_feat_pillars
D:2:      layout_loops_cross, basic_altar, minmay_liquid_box
D:3:      layout_loops_ring, gammafunk_ghost_icy,
          dreamdust_ecumenical_altar_drowned_temple

Skill      XL: |  1  2  3  4 |
---------------+-------------+-----
Spellcasting   | 5 |  5.1
Invocations    | 1 |  1.5
Fighting       | 1 |  1.3
Short Blades   | 1 |  1.3
Axes           | 1 |  1.3
Maces & Flails | 1 |  1.3
Polearms       | 1 |  1.3
Staves         | 1 |  1.3
Ranged Weapons | 1 |  1.3
Dodging        | 1 |  1.3
Stealth        | 1 |  1.3
Shields        | 1 |  1.3
Unarmed Combat | 1 |  1.3
Evocations     | 1 |  1.3
Shapeshifting  | 1 |  1.2
Hexes          | 1 |  1.1
Summonings     | 1 |  1.1
Necromancy     | 1 |  1.1
Translocations | 1 |  1.1
Transmutations | 1 |  1.1
Fire Magic     | 1 |  1.1
Ice Magic      | 1 |  1.1
Air Magic      | 1 |  1.1
Earth Magic    | 1 |  1.1
Poison Magic   | 1 |  1.1
Long Blades    | |  6.6
Throwing       | |  4.7
Armour         | |  2.9
Conjurations   | |  3.9

Action                     |  1- 3 |  4- 6 || total
---------------------------+-------+-------++-------
  Melee: Long sword        |    68 |    33 ||   101
         Bite              |     6 |     5 ||    11
         Punch             |       |     1 ||     1
  Throw: Boomerang         |     8 |       ||     8
   Cast: Searing Ray       |       |     3 ||     3
   Stab: Sleeping          |     1 |     2 ||     3
 Armour: Leather armour    |    43 |    26 ||    69
  Dodge: Dodged            |    47 |    28 ||    75

Table legend: (Time is in decaauts)
 A = Elapsed time spent in this place.
 B = Non-inter-level travel time spent in this place.
 C = Inter-level travel time spent in this place.
 D = Time resting spent in this place.
 E = Time spent auto-exploring this place.
 F = Levels seen in this place.
 G = Mean time per level.
                   A        B        C        D        E       F      G
               +--------+--------+--------+--------+--------+-----+--------+
         Total |   1810 |   1765 |     45 |      0 |   1471 |   3 |  603.3 |
       Dungeon |   1810 |   1765 |     45 |      0 |   1471 |   3 |  603.3 |
               +--------+--------+--------+--------+--------+-----+--------+

Top non-repeatable levels by time:
     D:1: 946 daAuts
     D:2: 812 daAuts
     D:3: 51 daAuts
